 Dungeon Crawl Stone Soup version 0.24-a0-693-g39a19ac0f1 (webtiles) character file.

Game seed: 14550360737266323514, levelgen mode: deterministic

7268 Plotosid the Basher (level 10, -3/90 HPs)
             Began as a Purple Draconian Berserker on Sept 28, 2019.
             Was a High Priest of Trog.
             Slain by an orc warrior
             ... wielding a +0 great sword
              (18 damage)
             ... on level 9 of the Dungeon.
             The game lasted 01:07:45 (7226 turns).

Plotosid the Basher (Purple Draconian Berserker)    Turns: 7226, Time: 01:07:46

Health: -3/90      AC: 11    Str: 24    XL:     10   Next: 89%
Magic:  10/10      EV: 15    Int:  7    God:    Trog [*****.]
Gold:   413        SH:  0    Dex: 10    Spells: 9/9 levels left

rFire    . . .     SeeInvis .   H - +3 glaive (venom)
rCold    + . .     Gourm    .   (shield currently unavailable)
rNeg     . . .     Faith    +   (armour unavailable)
rPois    .         Spirit   .   (helmet restricted)
rElec    .         Reflect  .   (no cloak)
rCorr    .         Harm     .   (no gloves)
MR       +....                  j - +0 pair of boots
Stlth    ++........             p - amulet of faith
HPRegen  0.25/turn              o - +3 ring of protection
MPRegen  0.12/turn              x - ring of protection from cold

@: slowed, very slow
A: breathe power, unfitting armour, cold-blooded, AC +7
a: Breathe Dispelling Energy, Berserk, Trog's Hand, Brothers in Arms, Renounce
Religion


You were on level 9 of the Dungeon.
You worshipped Trog.
Trog was extremely pleased with you.
You were not hungry.

You visited 1 branch of the dungeon, and saw 9 of its levels.

You collected 413 gold pieces.

Inventory:

Hand Weapons
 t - a +2 scythe of protection
 D - a +0 hunting sling
 H - a +3 glaive of venom (weapon)
 K - a cursed +0 hand axe
Missiles
 d - 118 arrows
 f - 219 stones (quivered)
 r - 35 bolts
 M - 11 boomerangs
 N - 12 poisoned darts
 O - 66 sling bullets
 R - 2 atropa-tipped darts
Armour
 j - a +0 pair of boots (worn)
Jewellery
 o - a +3 ring of protection (left hand)
 p - an amulet of faith (around neck)
 s - an uncursed ring of flight
 x - a ring of protection from cold (right hand)
 X - an uncursed ring of positive energy
Wands
 a - a wand of flame (12)
 e - a wand of enslavement (7)
 g - a wand of digging (6)
 W - a wand of paralysis (16)
Scrolls
 c - 2 scrolls of magic mapping
 h - a scroll of random uselessness {unknown}
 i - a scroll of blinking
 m - a scroll of identify
 n - a scroll of fear {unknown}
 u - a scroll of brand weapon {unknown}
 w - 2 scrolls of teleportation
 z - 3 scrolls of immolation {unknown}
 U - a scroll of enchant armour {unknown}
Potions
 l - 3 potions of resistance {unknown}
 q - 4 potions of heal wounds {unknown}
 v - 2 potions of haste {unknown}
 A - a potion of magic {unknown}
 E - 3 potions of brilliance {unknown}
 F - a potion of mutation {unknown}
 G - 2 potions of ambrosia {unknown}
 I - a potion of curing {unknown}
 P - 3 potions of lignification {unknown}
 Q - a potion of cancellation {unknown}
 T - 2 potions of might
Comestibles
 b - 12 rations


   Skills:
 + Level 8.5 Fighting
   Level 9.5 Maces & Flails
 + Level 8.8 Polearms
 + Level 7.6 Dodging
 + Level 3.7 Stealth


You had 9 spell levels left.
You didn't know any spells.
Your spell library was empty.

Dungeon Overview and Level Annotations

Branches:
Dungeon (9/15)             Temple (0/1) D:6
   Lair: D:8-11         Orc: D:9-12

Altars:
Cheibriados
Dithmenos
Makhleb
Nemelex Xobeh
Okawaru
Qazlal
Ru
Xom

Shops:
D:4 }   D:8 (

Annotations:
D:9 Gastronok


Innate Abilities, Weirdness & Mutations

You can breathe bolts of dispelling energy.
Your rich purple scales are hard. (AC +7)
You cannot fit into any form of body armour.
You are cold-blooded and may be slowed by cold attacks.


Message History

Trog accepts your kill. Gastronok bites you!!
* * * LOW HITPOINT WARNING * * *
You slash Gastronok!
Gastronok is lightly wounded.
You hit Gastronok.
Gastronok is poisoned.
Gastronok is lightly wounded.
Gastronok gurgles, "A snack!
A snack!"
Gastronok bites you.
* * * LOW HITPOINT WARNING * * *
An orc warrior comes into view. It is wielding a +0 great sword.
The orc warrior shouts!
Gastronok looks at you and mumbles some strange words.
You feel yourself slow down.
An orc warrior comes into view. It is wielding a +0 great sword.
You slash the orc warrior!
The orc warrior looks as sick as possible!
The orc warrior is heavily wounded.
The orc warrior hits you with a +0 great sword!!
You die...

######..#...######.#..# #.#.#
.o....%.#..........#.<# #.#.#
...###..##..#####.....(
#.#.## . #.....#..#
###.##..######.....
#.###.#..###................#
#. #........#.###.#######.##
# #.#..#####.# #.# ##.##
o..#........###.# ##...##
#####.....o@...).# ##.....#
#.##########)# #....... #.#
#))# #......# ..# #####.##
#[#..>## ##.# #.....# #.##.##
#. #.....# #.##.# #.
#.....#####.##.###
#.....#.....##...#
#.....#.##...###.#


You could see an orc warrior.

Vanquished Creatures
  Erolcha (D:9)
  Pikel (D:4)
  Joseph (D:7)
  A kobold demonologist (D:9)
  A troll (D:9)
  Prince Ribbit (D:7)
  A hornet (D:8)
  Grinder (D:3)
  Sigmund (D:2)
  Eustachio (D:6)
  A spriggan (D:7)
  Edmund (D:4)
  A water moccasin (D:7)
  3 ice beasts
  3 orc warriors (D:7)
  A sky beast (D:8)
  A black bear (D:7)
  3 ogres
  2 phantoms
  2 centaurs (D:8)
  13 big kobolds
  A crocodile (D:8)
  Blork the orc (D:4)
  3 bullfrogs
  2 scorpions
  A wight (D:8)
  A howler monkey (D:4)
  2 crimson imps
  A bullfrog zombie (D:6)
  2 quasits (D:8)
  3 orc priests
  A centaur skeleton (D:8)
  4 hounds
  2 jellies
  7 orc wizards
  3 bullfrog skeletons
  2 iguanas
  Terence (D:3)
  5 worker ants
  A river rat (D:5)
  9 adders
  3 shadow imps
  An ooze (D:3)
  An adder zombie (D:5)
  2 adder skeletons
  3 dart slugs
  3 worms
  9 leopard geckos
  25 orcs
  3 ball pythons
  10 giant cockroaches
  15 hobgoblins
  11 jackals
  16 kobolds
  5 quokkas
  6 bats
  7 frilled lizards
  5 goblins
  A jackal skeleton (D:5)
  A jackal zombie (D:5)
  6 rats
226 creatures vanquished.

Vanquished Creatures (collateral kills)
  A sky beast (D:5)
  A centaur (D:8)
  A big kobold (D:8)
  3 wights (D:8)
  4 gnolls (D:5)
  2 kobolds (D:8)
12 creatures vanquished.

Vanquished Creatures (others)
  Menkaure (D:4)
  2 adders (D:4)
3 creatures vanquished.

Grand Total: 241 creatures vanquished

Notes
Turn   | Place    | Note
-------+----------+-------------------------------------------
     0 | D:1      | Plotosid the Draconian Berserker began the quest for the
                  | Orb.
     0 | D:1      | Reached XP level 1. HP: 19/19 MP: 1/1
    99 | D:1      | Reached XP level 2. HP: 25/26 MP: 2/2
   527 | D:1      | Reached XP level 3. HP: 32/33 MP: 3/3
   544 | D:1      | Reached ** piety under Trog
   786 | D:2      | Found a shadowy altar of Dithmenos.
  1181 | D:2      | Noticed Sigmund
  1192 | D:2      | Killed Sigmund
  1192 | D:2      | Reached skill level 4 in Maces & Flails
  1192 | D:2      | Reached XP level 4. HP: 40/40 MP: 4/4
  1192 | D:2      | Reached XP level 5. HP: 46/46 MP: 5/5
  1299 | D:3      | Noticed Grinder
  1302 | D:3      | Reached skill level 5 in Maces & Flails
  1310 | D:3      | Paralysed by Grinder for 3 turns
  1318 | D:3      | Killed Grinder
  1318 | D:3      | Reached skill level 1 in Polearms
  1318 | D:3      | Reached XP level 6. HP: 53/53 MP: 6/6
  1378 | D:3      | Reached *** piety under Trog
  1505 | D:3      | Your scales start taking on a rich purple colour.
  1505 | D:3      | Reached XP level 7. HP: 48/60 MP: 7/7
  1754 | D:3      | Found an iron altar of Okawaru.
  2003 | D:3      | Noticed Terence
  2013 | D:3      | Killed Terence
  2055 | D:4      | Noticed Pikel
  2066 | D:4      | Killed Pikel
  2066 | D:4      | Reached **** piety under Trog
  2066 | D:4      | Reached skill level 5 in Fighting
  2066 | D:4      | Reached skill level 5 in Polearms
  2066 | D:4      | Reached skill level 5 in Dodging
  2066 | D:4      | Reached XP level 8. HP: 59/68 MP: 8/8
  2236 | D:4      | Found Utuive's Gadget Boutique.
  2438 | D:4      | Noticed Blork the orc
  2446 | D:4      | Killed Blork the orc
  2459 | D:4      | Noticed Edmund
  2475 | D:4      | Killed Edmund
  2588 | D:4      | Killed Menkaure
  2606 | D:4      | Found a sacrificial altar of Ru.
  2606 | D:4      | Found a burning altar of Makhleb.
  2607 | D:4      | Found a sparkling altar of Nemelex Xobeh.
  2831 | D:5      | Entered Level 5 of the Dungeon
  2897 | D:5      | Found a sparkling altar of Nemelex Xobeh.
  3123 | D:5      | Reached skill level 6 in Maces & Flails
  3170 | D:5      | Reached skill level 1 in Stealth
  3171 | D:5      | HP: 2/69 [sky beast (6)]
  3959 | D:6      | Reached XP level 9. HP: 67/75 MP: 9/9
  4005 | D:6      | Got a fine hand axe
  4199 | D:6      | Found a shimmering altar of Xom.
  4308 | D:6      | Found a staircase to the Ecumenical Temple.
  4337 | D:6      | Noticed Eustachio
  4349 | D:6      | Killed Eustachio
  4349 | D:6      | Reached skill level 7 in Maces & Flails
  4355 | D:6      | Found a stormy altar of Qazlal.
  4587 | D:7      | Noticed Joseph
  4603 | D:7      | Killed Joseph
  4871 | D:7      | Reached skill level 8 in Maces & Flails
  4883 | D:7      | Reached ***** piety under Trog
  5528 | D:7      | Noticed Prince Ribbit
  5535 | D:7      | Killed Prince Ribbit
  5535 | D:7      | Reached skill level 9 in Maces & Flails
  5863 | D:8      | Reached XP level 10. HP: 86/86 MP: 10/10
  5901 | D:8      | Received a gift from Trog
  6123 | D:8      | Found Plog's Antique Weapon Boutique.
  6124 | D:8      | Found a sparkling altar of Nemelex Xobeh.
  6173 | D:8      | Found a snail-covered altar of Cheibriados.
  6276 | D:8      | Found a sacrificial altar of Ru.
  6634 | D:9      | Noticed Erolcha
  6791 | D:9      | Killed Erolcha
  7191 | D:9      | Noticed Gastronok
  7226 | D:9      | Slain by an orc warrior

Levels and vault maps discovered:
D:1:      scummos_arrival_gate, layout_basic
D:2:      kb_forest_paths, layout_basic,
          nicolae_dithmenos_through_a_glass_darkly, uniq_sigmund,
          uniq_crazy_yiuf_cottage, uniq_jessica
D:3:      layout_basic, hex_intersection, okawaru_altar_gauntlet_db,
          uniq_grinder, uniq_terence
D:4:      layout_loops_corners, gammafunk_temple_overflow_claw, serial_shops,
          nicolae_shop_trees, first_ration, chequers_jeans, uniq_edmund,
          uniq_pikel, uniq_blork_the_orc, uniq_menkaure
D:5:      layout_cave_pools, gup_sewer_entry_spiral, nemelex_spade_bored_becter
D:6:      layout_gridville, brannock_xom_greatest_gift, old_standard_altar,
          minmay_temple_entry_wispy, sigmund_army, uniq_eustachio
D:7:      layout_loops_cross, the_bakery, uniq_joseph, uniq_prince_ribbit1
D:8:      layout_rooms, lemuel_round_altar, serial_shops,
          nicolae_shop_waterfront, basic_altar, nicolae_ru_awakened_eye
D:9:      layout_loops_ring, erik_lair_dragon, david_orc_4, special_room
          [special_room_kobold], sword_in_stone, uniq_maurice, uniq_erolcha,
          uniq_gastronok

Skill      XL: |  1  2  3  4  5  6  7  8  9 10 |
---------------+-------------------------------+-----
Dodging        | 3 4 5 6 7 |  7.6
Fighting       | 4 5 7 8 |  8.5
Maces & Flails | 4 5 6 9 |  9.5
Polearms       | 1 2 5 6 8 |  8.8
Stealth        | 1 2 3 |  3.7

Action                   |  1- 3 |  4- 6 |  7- 9 | 10-12 || total
-------------------------+-------+-------+-------+-------++-------
Melee: Mace              |   143 |       |       |       ||   143
       Tailslap          |    11 |     7 |    47 |    16 ||    81
       Scythe            |       |    76 |   100 |       ||   176
       Flail             |       |       |   271 |    10 ||   281
       Glaive            |       |       |       |   136 ||   136
Invok: Berserk           |     1 |     1 |     9 |     3 ||    14
       Trog's Hand       |       |       |     1 |     3 ||     4
       Brothers in Arms  |       |       |     1 |     1 ||     2
 Abil: Breathe Dispellin |       |       |       |     1 ||     1
  Use: Scroll            |       |       |     6 |     1 ||     7
 Stab: Sleeping          |       |       |     3 |     2 ||     5
  Eat: Chunk             |     1 |     2 |     6 |     4 ||    13
       Ration            |       |       |     6 |     1 ||     7
Armor: Skin              |    49 |    69 |   154 |    60 ||   332
Dodge: Dodged            |   116 |   102 |   303 |   162 ||   683

Table legend:
 A = Non-vault XP
 B = Vault XP
 C = Vault XP percentage of total XP
 D = Non-vault monster count
 E = Vault monster count
 F = Vault count percentage of total count
                 A         B        C        D         E       F
            +---------+---------+-------+---------+---------+-------
      Total |    5257 |    5127 |  49.4 |     185 |      53 |  22.3
            +---------+---------+-------+---------+---------+-------
        D:1 |      49 |       0 |   0.0 |      26 |       0 |   0.0
        D:2 |      25 |     248 |  90.8 |       9 |       7 |  43.8
        D:3 |     308 |     308 |  50.0 |      38 |       8 |  17.4
        D:4 |      66 |     926 |  93.3 |       6 |       3 |  33.3
        D:5 |     613 |      31 |   4.8 |      31 |       6 |  16.2
        D:6 |     491 |     220 |  30.9 |      11 |       5 |  31.2
        D:7 |    1260 |     901 |  41.7 |      24 |       3 |  11.1
        D:8 |    1571 |       0 |   0.0 |      32 |       0 |   0.0
        D:9 |     874 |    2493 |  74.0 |       8 |      21 |  72.4
            +---------+---------+-------+---------+---------+-------
